AoeStats
← Vaerso

Four Lakes

510156094Analyzed
1v1 RM · 3d ago on Sep 29, 2026· 39m 13s· 2 players
Game mode
Random Map
Map size
Tiny (2 player)
Population
200
Speed
Normal
Resources
Standard
Victory
Conquest
Starting age
Dark Age
Ending age
Imperial Age
RankedLock teamsTeams togetherTeam positionsShared explorationLock speedFull tech treeHidden civsTurbo modeCheats
Victory
Defeat
🇫🇷 Wei · France
1065
+16
🇸🇰 Byzantines · Slovakia
1055
-16
Micromage
11:20 Feudal Age
11:35 Man-at-Arms
12:30 Loom
12:35 Double-Bit Axe
12:45 Arson
13:11 Forging
16:42 Fishing Lines
17:02 Gold Mining
18:00 Fletching
23:01 Castle Age
22:50 Padded Archer Armor
23:38 Bodkin Arrow
23:13 Crossbowman
24:10 Thumb Ring
24:59 Leather Archer Armor
25:51 Stone Mining
27:36 Ballistics
31:33 Wheelbarrow
31:24 Scale Mail Armor
31:34 Gambesons
31:50 Squires
35:09 Chain Mail Armor
35:02 Horse Collar
Vaerso
4:26 Loom
11:29 Feudal Age
13:01 Double-Bit Axe
13:23 Gold Mining
18:08 Fletching
22:01 Castle Age
20:37 Scale Barding Armor
21:29 Bloodlines
21:43 Forging
21:38 Horse Collar
21:52 Stone Mining
23:03 Bow Saw
23:50 Heavy Plow
24:09 Husbandry
24:01 Elite Skirmisher
26:09 Padded Archer Armor
33:16 Leather Archer Armor
35:14 Ballistics
34:50 Murder Holes
34:58 Town Watch
38:49 Wheelbarrow
39:05 Town Patrol
Connection lost

Rejoining the realm…

Still unreachable

The connection could not be restored.

Session expired

The server has moved on; the page needs a fresh start.